 Dungeon Crawl Stone Soup version 0.32-a0-42-ga30500b4d3 (webtiles) character file.

Game seed: 4846252525365972748

35449 wildpjah the Fencer (level 13, -1/109 HPs)
             Began as a Merfolk Gladiator on Jan 25, 2024.
             Was the Champion of Okawaru.
             Slain by a komodo dragon (10 damage)
             ... while petrified by a basilisk
             ... on level 3 of the Lair of Beasts on Jan 29, 2024.
             The game lasted 00:51:57 (14468 turns).

wildpjah the Fencer (Merfolk Gladiator)            Turns: 14468, Time: 00:51:58

Health: -1/109     AC: 13    Str: 17 (18) XL:     13   Next: 83%
Magic:  28/28      EV:  2    Int:  4 (7)  God:    Okawaru [******]
Gold:   1433       SH:  0    Dex: 39 (40) Spells: 12/12 levels left

rFire   . . .        K - +3 scimitar (flame)
rCold   . . .        b - +1 kite shield
rNeg    + + +        c - +3 leather armour {rPois}
rPois   ∞            y - +5 hat "Joerph" {^Contam ^Drain Str+3 Dex+8}
rElec   .            h - +0 cloak
rCorr   .            A - +0 pair of gloves
SInv    .            (no boots)
Will    .....        l - amulet "Yduzxats" {RegenMP Rampage Fly MP+9}
Stlth   ++++         t - +6 ring of dexterity
HPRegen 0.38/turn    J - +6 ring of dexterity
MPRegen 0.61/turn

%: rampage
@: petrified, flying
A: (nimble swimmer 2), mertail
a: Renounce Religion, Heroism, Finesse, Duel


You were on level 3 of the Lair of Beasts.
You worshipped Okawaru.
Okawaru was exalted by your worship.
You visited 3 branches of the dungeon, and saw 17 of its levels.
You also visited: Gauntlet.

You collected 1433 gold pieces.

Inventory:

Hand Weapons
 I - a +0 scimitar of venom
 K - a +3 scimitar of flaming (weapon)
 N - the +6 great sword of Moderation {holy, Str+3}
   (Okawaru gifted it to you on level 12 of the Dungeon)

   Str+3:     It affects your strength (+3).
Missiles
 e - 10 javelins
 n - 13 boomerangs
 r - 10 curare-tipped darts
 T - an atropa-tipped dart
 W - 6 silver javelins
Armour
 a - +0 acid dragon scales
 b - a +1 kite shield (worn)
 c - a +3 leather armour of poison resistance (worn)
 h - a +0 cloak (worn)
 y - the +5 hat "Joerph" (worn) {^Contam ^Drain Str+3 Dex+8}
   (You found it in a Gauntlet)

   Str+3:     It affects your strength (+3).
   Dex+8:     It affects your dexterity (+8).
   ^Contam:   It causes magical contamination when unequipped.
   ^Drain:    It drains your maximum health when unequipped.
 A - a +0 pair of gloves (worn)
 Y - a +1 helmet
 Z - the +8 ring mail "Kuakhuna" {Dex+6}
   (Okawaru gifted it to you on level 12 of the Dungeon)

   Dex+6:     It affects your dexterity (+6).
Jewellery
 l - the amulet "Yduzxats" (around neck) {RegenMP Rampage Fly MP+9}
   (You found it in a Gauntlet)

   [amulet of magic regeneration]

   RegenMP:   It increases your rate of magic regeneration.
   MP+9:      It affects your magic capacity (+9).
   Fly:       It grants you flight.
   Rampage:   It bestows one free step when moving towards enemies.
 o - a +4 ring of protection
 t - a +6 ring of dexterity (left hand)
 u - a ring of see invisible
 G - an amulet of regeneration
 J - a +6 ring of dexterity (right hand)
 M - a ring of resist corrosion
 Q - a ring of willpower
 V - a ring of magical power
Wands
 w - a wand of polymorph (11)
 x - a wand of paralysis (11)
 C - a wand of light (16)
 E - a wand of flame (25)
 L - a wand of roots (36)
 S - a wand of mindburst (2)
Scrolls
 f - a scroll of poison
 i - 2 scrolls of amnesia
 k - 6 scrolls of enchant weapon
 s - 4 scrolls of teleportation
 z - 2 scrolls of fear
 B - a scroll of blinking
 F - a scroll of summoning
 U - a scroll of acquirement {unknown}
 X - 2 scrolls of immolation
Potions
 d - a potion of magic
 g - a potion of brilliance
 j - 8 potions of curing
 m - 5 potions of heal wounds
 p - 2 potions of might
 q - 3 potions of lignification
 v - a potion of enlightenment
 H - a potion of invisibility
 O - a potion of berserk rage
 P - 2 potions of degeneration
 R - a potion of resistance
Miscellaneous
 D - a condenser vane


   Skills:
 * Level 12.3 Fighting
 + Level 15.1 Long Blades
 + Level 2.7 Throwing
 + Level 3.7 Armour
 * Level 12.1 Dodging
 + Level 5.8 Stealth
 * Level 4.3 Shields
 + Level 8.7 Invocations
 * Level 7.9 Evocations


You had 12 spell levels left.
You didn't know any spells.
Your spell library contained the following spells:

 Spells                   Type           Power      Damage    Failure   Level
 Apportation              Tloc           0%         N/A       88%         1
 Freeze                   Ice            0%         1d3       88%         1
 Necrotise                Necr           0%         1d4       88%         1
 Sandblast                Erth           0%         2d4       88%         1
 Sting                    Conj/Alch      0%         1d3       88%         1
 Scorch                   Fire           0%         2d5       95%         2
 Frozen Ramparts          Ice            0%         1d1       99%         3
 Gell's Gravitas          Tloc           0%         N/A       99%         3
 Hailstorm                Conj/Ice       0%         3d5       99%         3
 Passwall                 Erth           0%         N/A       99%         3
 Sigil of Binding         Hex            0%         N/A       99%         3
 Stone Arrow              Conj/Erth      0%         3d7       99%         3
 Teleport Other           Tloc           0%         N/A       99%         3
 Volatile Blastmotes      Fire/Tloc      0%         2d10      99%         3
 Brom's Barrelling Bould  Conj/Erth      0%         2d3       100%        4
 Dimensional Bullseye     Hex/Tloc       0%         N/A       100%        4
 Flame Wave               Conj/Fire      0%         2d4       100%        4
 Fulminant Prism          Conj/Alch      0%         3d5       100%        4
 Iskenderun's Mystic Bla  Conj/Tloc      0%         2d3       100%        4
 Lee's Rapid Deconstruct  Erth           0%         3d4*      100%        5
 Dispersal                Tloc           0%         N/A       100%        6
 Summon Small Mammal      Summ           Unusable   N/A       N/A         1
 Call Canine Familiar     Summ           Unusable   N/A       N/A         3
 Animate Armour           Summ/Erth      Unusable   N/A       N/A         4
 Summon Lightning Spire   Summ/Air       Unusable   N/A       N/A         4
 Summon Forest            Summ/Tloc      Unusable   N/A       N/A         5
 Summon Cactus Giant      Summ           Unusable   N/A       N/A         6
 Summon Horrible Things   Summ           Unusable   N/A       N/A         8

Dungeon Overview and Level Annotations

Branches:
Dungeon (13/15)            Temple (1/1) D:5            Lair (3/5) D:9
  Snake (0/4) Lair:2          Orc (0/2) D:9         Gauntlet (visited)
  Swamp: Lair:2-3    Shoals: Lair:2-3    Vaults: D:13-14

Altars:
Ashenzari
Cheibriados
Dithmenos
Elyvilon
Fedhas
Gozag
Hepliaklqana
Kikubaaqudgha
Makhleb
Nemelex Xobeh
Okawaru
Qazlal
Ru
Sif Muna
Trog
Uskayaw
Vehumet
Wu Jian
Xom
Yredelemnul
Zin
The Shining One

Shops:
D:2 (   D:6 (   D:8 (:

Portals:
Trove: D:12 (give 11 potions of heal wounds)


Innate Abilities, Weirdness & Mutations

((You are very nimble when in or above water. (Stealth+, EV+, Speed+++)))
Your lower body shifts to a powerful aquatic tail in water.


Message History

You are slowing down.
You block the cane toad's attack.
Your limbs are stiffening.
You block the cane toad's attack.
You have turned to stone.
The cane toad stings you!
The blink frog blinks!
The basilisk bites you! The blink frog hits you. The cane toad stings you.
The blink frog hits you.
The basilisk bites you but does no damage.
The cane toad stings you! The blink frog hits you!
The cane toad stings you but does no damage.
The basilisk bites you. The blink frog hits you!
The blink frog blinks!
The cane toad stings you but does no damage.
The blink frog blinks!
The basilisk gazes at you.
The cane toad stings you but does no damage.
The komodo dragon bites you!
* * * LOW HITPOINT WARNING * * *
The basilisk bites you but does no damage.
The blink frog hits you!
* * * LOW HITPOINT WARNING * * *
The cane toad stings you but does no damage.
The blink frog blinks!
The komodo dragon bites you!
* * * LOW HITPOINT WARNING * * *
The blink frog hits you but does no damage.
The basilisk bites you but does no damage.
The cane toad stings you.
* * * LOW HITPOINT WARNING * * *
The komodo dragon bites you!
* * * LOW HITPOINT WARNING * * *
The blink frog hits you.
* * * LOW HITPOINT WARNING * * *
The blink frog hits you but does no damage.
The basilisk bites you but does no damage.
The cane toad barely misses you. The blink frog hits you.
* * * LOW HITPOINT WARNING * * *
The blink frog hits you.
* * * LOW HITPOINT WARNING * * *
The komodo dragon bites you!!
You die...

♣.≈♣≈.........###...#
#..P
♣♣..♣≈..♣≈♣....##....#
##..†
♣!......l≈♣....#.....#
#....
♣.......♣≈♣#...###...#
##...
♣≈..≈..†......##....#
#P...
≈♣≈...≈♣......##....#
##...
≈.≈♣#..≈♣##....##....#
#... ♣#.≈♣
##.lFl##...# #...
#...♣ #.F@##....# #...
....≈♣ #.F.###...##
#... ≈.....≈♣ ♣...#
#....# #... ♣♣≈..♣..♣
#....##...## #...
♣≈.....≈♣
#..........######...
♣......≈♣
....................
...P..♣≈♣
#♣...........<.......
.....##.............
..# #...##.#..#...


You could see a komodo dragon, a cane toad, 2 basilisks and 2 blink frogs.

Vanquished Creatures
  A minotaur (Gauntlet)
  A hydra (D:10)
  Erica (D:8)
  7 two-headed ogres
  Amaemon (Lair:1)
  A skyshark (Lair:1)
  A salamander (Lair:2)
  2 cyclopes
  A spectral centaur (D:12)
  2 ugly things
  3 centaur zombies
  3 elephants (Lair:1)
  6 cane toads
  5 black mambas
  3 gargoyles
  2 large abominations (Gauntlet)
  2 torpor snails
  A centaur skeleton (D:12)
  An orange demon (Lair:2)
  2 unseen horrors
  A kobold demonologist (D:9)
  A rime drake (Lair:2)
  6 komodo dragons
  A troll (D:9)
  2 polar bears (Lair:2)
  A hornet (Lair:2)
  2 meliai zombies
  A blink frog (Lair:3)
  6 slime creatures (D:12)
  3 shadows (D:10)
  21 yaks
  5 wyverns
  3 vampires
  4 wraiths
  A basilisk (Lair:2)
  7 vampire mosquitoes
  2 nagas (Lair:2)
  3 swamp worms (Gauntlet)
  7 water moccasins
  2 acid dragons
  6 orc warriors
  A sky beast (D:7)
  An ice beast (D:6)
  5 ogres
  6 centaurs
  9 wolves
  A phantom (D:6)
  3 kobold brigands
  5 bullfrogs
  3 gnoll sergeants
  2 scorpions
  4 small abominations (Gauntlet)
  A wight (D:10)
  4 killer bees (D:10)
  2 howler monkeys
  3 vampire bats (Lair:3)
  An electric eel (D:9)
  A bombardier beetle (D:5)
  6 hounds
  8 orc priests
  3 gnoll boudas
  2 jellies
  3 iguanas
  Terence (D:3)
  2 sleepcaps
  8 orc wizards
  Robin (D:2)
  8 adders
  25 gnolls
  A ribbon worm (D:3)
  A dart slug (D:3)
  35 orcs
  3 ball pythons
  7 endoplasms
  3 giant cockroaches
  7 hobgoblins
  8 jackals
  9 kobolds
  2 quokkas
  11 bats
  5 frilled lizards
  13 goblins
  8 rats
363 creatures vanquished.

Vanquished Creatures (others)
  A tyrant leech (Gauntlet)
1 creature vanquished.

Grand Total: 364 creatures vanquished

Notes
Turn   | Place    | Note
-------+----------+-------------------------------------------
     0 | D:1      | wildpjah the Merfolk Gladiator began the quest for the Orb.
     0 | D:1      | Reached XP level 1. HP: 16/16 MP: 1/1
    66 | D:1      | Reached skill level 4 in Long Blades
    66 | D:1      | Reached XP level 2. HP: 20/22 MP: 2/2
   112 | D:1      | Got the Anthology of the Geodesic and the Union
   483 | D:1      | Reached XP level 3. HP: 24/27 MP: 3/3
   952 | D:2      | Found Muumirch's Weapon Emporium.
  1498 | D:3      | Noticed Robin
  1511 | D:2      | Killed Robin
  1512 | D:2      | Reached skill level 5 in Dodging
  1512 | D:2      | Reached XP level 4. HP: 31/34 MP: 4/4
  1666 | D:3      | Reached skill level 5 in Long Blades
  1933 | D:3      | Reached XP level 5. HP: 35/39 MP: 5/5
  2129 | D:3      | Noticed Terence
  2137 | D:3      | Killed Terence
  2138 | D:3      | Reached skill level 1 in Armour
  2337 | D:3      | Found a sacrificial altar of Ru.
  2406 | D:3      | Reached skill level 6 in Long Blades
  2653 | D:4      | Reached XP level 6. HP: 41/46 MP: 6/6
  2777 | D:4      | Found a hide-covered altar of Uskayaw.
  3047 | D:4      | Reached skill level 1 in Stealth
  3374 | D:4      | Reached skill level 7 in Long Blades
  3374 | D:4      | Reached XP level 7. HP: 49/52 MP: 7/7
  3607 | D:5      | Entered Level 5 of the Dungeon
  3709 | D:5      | Found a staircase to the Ecumenical Temple.
  3718 | Temple   | Entered the Ecumenical Temple
  3722 | Temple   | Became a worshipper of Warmaster Okawaru
  3927 | D:5      | Found a glowing golden altar of the Shining One.
  3927 | D:5      | Found an opulent altar of Gozag.
  3927 | D:5      | Found a radiant altar of Vehumet.
  4266 | D:6      | Reached skill level 8 in Long Blades
  4266 | D:6      | Reached XP level 8. HP: 57/60 MP: 8/8
  4285 | D:6      | Reached * piety under Okawaru
  4391 | D:6      | Reached skill level 1 in Invocations
  4391 | D:6      | Reached skill level 1 in Evocations
  4941 | D:6      | Found Odepridi's Weapon Emporium.
  5218 | D:7      | Noticed a brown ugly thing
  5239 | D:7      | Killed a brown ugly thing
  5239 | D:7      | Reached ** piety under Okawaru
  5240 | D:7      | Reached skill level 5 in Fighting
  5240 | D:7      | Reached skill level 9 in Long Blades
  5240 | D:7      | Reached XP level 9. HP: 18/68 MP: 8/11
  5526 | D:7      | Reached *** piety under Okawaru
  5702 | D:7      | Reached skill level 10 in Long Blades
  5739 | D:7      | Found an ancient bone altar of Kikubaaqudgha.
  5916 | D:8      | Found Beaqo's Book Shoppe.
  5975 | D:8      | Noticed Erica
  6005 | D:8      | Killed Erica
  6005 | D:8      | Reached **** piety under Okawaru
  6210 | D:8      | Found Xaeluiz's Weapon Shop.
  6263 | D:8      | Reached XP level 10. HP: 67/77 MP: 13/13
  6394 | D:8      | Found a basalt altar of Yredelemnul.
  6710 | D:9      | Found a staircase to the Lair.
  6787 | D:9      | Reached skill level 11 in Long Blades
  6901 | D:9      | Found a blossoming altar of Fedhas.
  6970 | D:9      | Noticed a kobold demonologist
  7160 | D:9      | Killed a kobold demonologist
  7161 | D:9      | Reached skill level 5 in Invocations
  7252 | D:9      | Found a staircase to the Orcish Mines.
  7377 | D:9      | Found a bloodstained altar of Trog.
  7384 | D:9      | Reached ***** piety under Okawaru
  7750 | D:10     | Entered Level 10 of the Dungeon
  7854 | D:10     | Found a broken altar of Ashenzari.
  7899 | D:10     | Reached skill level 12 in Long Blades
  7908 | D:10     | Reached XP level 11. HP: 78/86 MP: 15/15
  8047 | D:10     | Identified the staff of Nanixtuz {rN+ rCorr Necro}
  8164 | D:10     | Received a gift from Okawaru
  8239 | D:10     | Noticed a two-headed ogre
  8246 | D:10     | Killed a two-headed ogre
  8324 | D:10     | Reached skill level 5 in Evocations
  8521 | D:10     | Noticed a two-headed ogre
  8528 | D:10     | Killed a two-headed ogre
  8528 | D:10     | Received a gift from Okawaru
  8529 | D:10     | Reached skill level 10 in Dodging
  8568 | D:10     | Noticed a two-headed ogre
  8577 | D:10     | Killed a two-headed ogre
  8578 | D:10     | Reached skill level 13 in Long Blades
  8685 | D:10     | Noticed a six-headed hydra
  8693 | D:10     | Killed a two-headed hydra
  9074 | D:11     | Noticed a cyclops
  9087 | D:11     | Killed a cyclops
  9193 | D:11     | Reached XP level 12. HP: 97/97 MP: 17/17
  9759 | D:11     | Noticed a two-headed ogre
  9768 | D:11     | Killed a two-headed ogre
  9768 | D:11     | Received a gift from Okawaru
  9968 | D:12     | Found a gate leading to a gauntlet.
  9977 | Gauntlet | Entered a Gauntlet
  9977 | Gauntlet | Found a transporter.
  9998 | Gauntlet | Found a transporter.
 10000 | Gauntlet | Found a transporter.
 10013 | Gauntlet | Found a transporter.
 10014 | Gauntlet | Found a transporter.
 10021 | Gauntlet | Found a transporter.
 10043 | Gauntlet | Found a transporter.
 10049 | Gauntlet | Found a runed translucent door.
 10049 | Gauntlet | Noticed a wretched star
 10053 | Gauntlet | Found a transporter.
 10062 | Gauntlet | Found a runed translucent gate.
 10063 | Gauntlet | Found a transporter.
 10064 | Gauntlet | Found a runed translucent gate.
 10064 | Gauntlet | Found a runed translucent gate.
 10082 | Gauntlet | Found a transporter.
 10097 | Gauntlet | Found a transporter.
 10097 | Gauntlet | Found a transporter.
 10145 | Gauntlet | Found a transporter.
 10162 | Gauntlet | Found a transporter.
 10263 | Gauntlet | Reached skill level 10 in Fighting
 10375 | Gauntlet | Reached ****** piety under Okawaru
 10384 | Gauntlet | Identified the +5 hat "Joerph" {^Contam ^Drain Str+3 Dex+8}
 10560 | Gauntlet | Identified the amulet "Yduzxats" {RegenMP Rampage Fly MP+9}
 10600 | Gauntlet | Identified the +9 whip "Zoiclon" {venom, Str+3}
 10600 | Gauntlet | Noticed a minotaur
 10606 | Gauntlet | Killed a minotaur
 10978 | D:12     | Found a portal to a secret trove of treasure.
 11043 | D:12     | Reached skill level 14 in Long Blades
 11050 | D:12     | Acquired the +6 great sword of Moderation {holy, Str+3}
 11050 | D:12     | Received a gift from Okawaru
 11061 | D:12     | Acquired the +8 ring mail "Kuakhuna" {Dex+6}
 11061 | D:12     | Received a gift from Okawaru
 11220 | D:12     | Received a gift from Okawaru
 11382 | D:12     | Noticed a two-headed ogre
 11397 | D:12     | Killed a two-headed ogre
 11453 | D:13     | Noticed a two-headed ogre
 11462 | D:13     | Killed a two-headed ogre
 11462 | D:13     | Received a gift from Okawaru
 11463 | D:13     | Reached skill level 5 in Stealth
 11637 | D:13     | Noticed a two-headed ogre
 11645 | D:13     | Killed a two-headed ogre
 11646 | D:13     | Reached XP level 13. HP: 98/106 MP: 19/19
 11954 | Lair:1   | Entered Level 1 of the Lair of Beasts
 12086 | Lair:1   | Reached skill level 1 in Shields
 12905 | Lair:2   | Identified the +1 spear "Abbar" {speed, ^Contam Int+5}
 13149 | Lair:1   | Received a gift from Okawaru
 13160 | Lair:2   | Upgraded the game from 0.32-a0-41-gec2d92a32c to
                  | 0.32-a0-42-ga30500b4d3
 13263 | Lair:2   | Noticed Amaemon
 13284 | Lair:1   | Killed Amaemon
 13511 | Lair:2   | Found a staircase to the Snake Pit.
 13524 | Lair:2   | Reached skill level 15 in Long Blades
 14125 | Lair:2   | Received a gift from Okawaru
 14468 | Lair:3   | Slain by a komodo dragon

Illustrated notes

Levels and vault maps discovered:
D:1:      nzn_arrival_water_spiral, layout_rooms
D:2:      layout_loops_corners, serial_bayou, serial_bayou_lagoon_a,
          serial_bayou_ford_a, serial_bayou_lagoon_b, serial_bayou_pond_e,
          serial_shops, nicolae_shop_bloodbath_and_beyond
D:3:      cheibrodos_old_hovel, layout_loops_cross,
          mainiacjoe_overflow_tiny_flanked, solitary_fountain,
          chequers_mini_garden, minmay_cut_off, uniq_terence, uniq_robin
D:4:      layout_basic, nicolae_uskayaw_suspiria
D:5:      layout_rooms, gammafunk_temple_overflow_forgotten,
          minmay_temple_entry_poolview, serial_park_tiny_pond
D:6:      layout_loops_ring, serial_shops, shop
D:7:      layout_gridville, old_standard_altar, grunt_tough_drop
D:8:      layout_gridville, mainiacjoe_overflow_brackets, serial_shops, shop,
          nicolae_shop_tiny_glass, minmay_misc_feat_nine_boxes,
          chequers_serial_rivers_large_a, uniq_erica
D:9:      layout_gridville, mainiacjoe_overflow_catwalk, trog_antimagical,
          erik_lair_island, minmay_orc_entry_temple_small, nrook_mini_backslash,
          kennysheep_generic_room_11
D:10:     minmay_polygon_palace, layout_basic, nicolae_ashenzari_panopticon,
          serial_undead, serial_undead_f, serial_undead_e, serial_undead_a,
          serial_undead_b
D:11:     layout_basic
D:12:     layout_big_octagon, enter_trove_1, gauntlet_entry_generic,
          hangedman_weighted_door
D:13:     layout_layer_cave
Temple:   hellmonk_temple_two_chambers
Lair:1:   layout_cave_pods
Lair:2:   layout_cave_pods, alex1729_snake_entry_snake, grunt_megastairs_4,
          uniq_amaemon
Lair:3:   regret_index_malice_mire, layout_long_grid,
          minmay_shoals_entry_lonely_mermaid, roderic_batcave

Skill      XL: |  1  2  3  4  5  6  7  8  9 10 11 12 13 |
---------------+----------------------------------------+-----
Long Blades    | 4 5 6 7 8 9 10 12 13 14 15 | 15.1
Dodging        | 5 6 7 8 9 10 11 12 | 12.1
Armour         | 1 2 3 |  3.7
Fighting       | 3 4 5 6 8 9 11 12 | 12.3
Stealth        | 1 2 3 4 5 |  5.8
Invocations    | 2 4 5 7 8 |  8.7
Evocations     | 2 3 4 5 7 |  7.9
Shields        | 4 |  4.3
Throwing       | |  2.7

Action                     |  1- 3 |  4- 6 |  7- 9 | 10-12 | 13-15 || total
---------------------------+-------+-------+-------+-------+-------++-------
  Melee: Long sword        |    88 |   217 |    97 |       |       ||   402
         Punch             |     1 |     2 |       |       |       ||     3
         Tailslap          |     4 |       |     8 |     4 |       ||    16
         Scimitar          |       |       |   112 |   381 |   226 ||   719
         Great sword       |       |       |       |    36 |     4 ||    40
  Throw: Boomerang         |       |       |    14 |       |       ||    14
         Throwing net      |       |       |     4 |       |       ||     4
         Javelin           |       |       |     2 |       |       ||     2
 Invoke: Heroism           |       |       |     1 |     1 |       ||     2
         Finesse           |       |       |       |     1 |       ||     1
         Receive Weapon    |       |       |       |     1 |       ||     1
         Receive Armour    |       |       |       |     1 |       ||     1
  Evoke: Wand              |       |       |     4 |    14 |       ||    18
    Use: Scroll            |       |       |       |    16 |     7 ||    23
         Potion            |       |       |       |       |     3 ||     3
   Stab: Sleeping          |       |     2 |     1 |     1 |    16 ||    20
         Invisible         |       |       |       |     7 |       ||     7
         Distracted        |       |       |       |       |     1 ||     1
 Armour: Leather armour    |    36 |   107 |    78 |   101 |   103 ||   425
         Acid dragon scale |       |       |       |    35 |       ||    35
         Ring mail         |       |       |       |    16 |     1 ||    17
  Dodge: Dodged            |    51 |   178 |   110 |   354 |   154 ||   847
  Block: Kite shield       |       |       |       |       |   143 ||   143

Table legend: (Time is in decaauts)
 A = Elapsed time spent in this place.
 B = Non-inter-level travel time spent in this place.
 C = Inter-level travel time spent in this place.
 D = Time resting spent in this place.
 E = Time spent auto-exploring this place.
 F = Levels seen in this place.
 G = Mean time per level.
                   A        B        C        D        E       F      G
               +--------+--------+--------+--------+--------+-----+--------+
         Total |  14259 |  13664 |    595 |    643 |   9902 |  18 |  792.2 |
       Dungeon |  10844 |  10273 |    571 |    362 |   7608 |  13 |  834.2 |
        Temple |      8 |      5 |      3 |      0 |      0 |   1 |    8.0 |
          Lair |   2469 |   2448 |     21 |    120 |   1757 |   3 |  823.0 |
      Gauntlet |    937 |    937 |      0 |    161 |    537 |   1 |  937.0 |
               +--------+--------+--------+--------+--------+-----+--------+

Top non-repeatable levels by time:
     D:2: 1195 daAuts
    D:10: 1184 daAuts
     D:9: 1113 daAuts
  Lair:2: 1088 daAuts
  Lair:1: 1087 daAuts
     D:6: 1017 daAuts
    D:11: 985 daAuts
Gauntlet: 937 daAuts
     D:4: 927 daAuts
     D:3: 882 daAuts
     D:7: 788 daAuts
     D:8: 770 daAuts
     D:1: 582 daAuts
    D:12: 574 daAuts
     D:5: 451 daAuts
